 Dungeon Crawl Stone Soup version 0.23.1-37-gaa34b87 (webtiles) character file.

Game seed: 9162777157060797666

378 vishdafish the Changer (level 6, -1/38 HPs)
             Began as an Octopode Transmuter on Mar 21, 2019.
             Was a Believer of Cheibriados.
             Slain by a +0 glaive of speed (14 damage)
             ... created by the rancor of the Wu Jian Council
             ... on level 4 of the Dungeon.
             The game lasted 00:07:58 (4483 turns).

vishdafish the Changer (Octopode Transmuter)        Turns: 4483, Time: 00:07:59

Health: -1/38      AC:  1    Str: 16    XL:     6   Next: 74%
Magic:  9/9        EV: 14    Int: 19    God:    Cheibriados [**....]
Gold:   78         SH:  0    Dex: 16    Spells: 1/9 levels left

rFire    . . .     SeeInvis .     - Unarmed
rCold    . . .     Gourm    .   (no shield)
rNeg     . . .     Faith    .   (helmet restricted)
rPois    .         Spirit   .   (no amulet)
rElec    .         Reflect  .   (no ring)
rCorr    .         Harm     .   (no ring)
MR       .....                  (no ring)
Stlth    ++........             (no ring)
HPRegen  0.12/turn              (no ring)
MPRegen  0.11/turn              (no ring)
                                (no ring)
                                (no ring)

@: slowed, very slow
A: almost no armour, stealthy swim, amphibious, 8 rings, constrict 8, camouflage
1, gelatinous body 1
a: Bend Time, Renounce Religion


You were on level 4 of the Dungeon.
You worshipped Cheibriados.
Cheibriados was pleased with you.
You were not hungry.

You visited 1 branch of the dungeon, and saw 4 of its levels.

You collected 168 gold pieces.
You spent 90 gold pieces at shops.

Inventory:

Missiles
 a - 12 arrows
Wands
 d - a wand of acid (5)
Scrolls
 b - 3 scrolls of identify
 e - 2 scrolls of remove curse
 g - 2 scrolls of immolation
Potions
 h - a potion of curing
 i - a potion of heal wounds
 j - a potion of magic {unknown}
Comestibles
 c - 2 rations


   Skills:
 - Level 1.0 Fighting
 - Level 2.0 Dodging
 - Level 3.0 Unarmed Combat
 - Level 2.0 Spellcasting
 + Level 7.0 Transmutations


You had one spell level left.
You knew the following spells:

 Your Spells              Type           Power        Failure   Level  Hunger
a - Beastly Appendage     Tmut           ####..       1%          1    #......
b - Blade Hands           Tmut           ####......   26%         5    ######.
c - Sticks to Snakes      Tmut           ####....     1%          2    ###....

Your spell library contained the following spells:

 Spells                   Type           Power        Failure   Level  Hunger
 Spider Form              Tmut/Pois      ###.......   12%         3    ###....
 Ice Form                 Ice/Tmut       ###.....     36%         4    #####..


Dungeon Overview and Level Annotations

Branches:
Dungeon (4/15)
 Temple: D:4-7

Altars:
Cheibriados
Elyvilon
Makhleb
Okawaru
Wu Jian
Zin
The Shining One

Annotations:
D:2 1 runed translucent door, Crazy Yiuf


Innate Abilities, Weirdness & Mutations

You cannot wear most types of armour.
You are very stealthy in the water. (Stealth+)
You are amphibious.
You can wear up to eight rings at the same time.
You can use your tentacles to constrict eight enemies at once.
Your skin changes colour to match your surroundings (Stealth+).
Your rubbery body absorbs attacks. (AC +1, EV +1)


Message History

You squeeze the +4 quarterstaff of flaming, but do no damage.
The +4 quarterstaff of flaming is almost destroyed.
You constrict the +4 quarterstaff of flaming.
You destroy the +4 quarterstaff of flaming!
That felt strangely unrewarding.
You tentacle-slap the +3 rapier of electrocution.
You grab the +3 rapier of electrocution.
You squeeze the +3 rapier of electrocution.
The +3 rapier of electrocution is heavily damaged.
You constrict the +3 rapier of electrocution.
The +3 rapier of electrocution hits you.
The +0 glaive of speed hits you!
You tentacle-slap the +3 rapier of electrocution.
You destroy the +3 rapier of electrocution!
That felt strangely unrewarding.
The +0 glaive of speed hits you!
You tentacle-slap the +0 glaive of speed.
You grab the +0 glaive of speed.
The +0 glaive of speed is lightly damaged.
You constrict the +0 glaive of speed. The +0 glaive of speed hits you!
You die...

..............(..'...........#
.................#...##....###
............######...##....#
.......[....+ ####'##....#
............# #.....#....#
............# #.....#....#
............# #.....#...##
...#####.....#...#
.......@(....#....
.............+ .............#
.............# .F...........#
...............
...###+#....... ... #+###(.


You could see a bullfrog (sleeping) and a +0 glaive of speed.

Vanquished Creatures
  36 dancing weapons
  A water moccasin zombie (D:4)
  2 hounds (D:3)
  Jessica (D:3)
  Ijyb (D:3)
  An orc wizard (D:3)
  Robin (D:3)
  6 adders
  An ooze (D:1)
  4 worms
  5 dart slugs
  6 leopard geckos
  5 orcs (D:3)
  6 giant cockroaches
  7 goblins
  11 hobgoblins
  10 jackals
  A quokka (D:2)
  3 ball pythons
  4 bats
  A frilled lizard (D:3)
  9 rats
122 creatures vanquished.

Notes
Turn   | Place    | Note
-------+----------+-------------------------------------------
     0 | D:1      | vishdafish the Octopode Transmuter began the quest for the
                  | Orb.
     0 | D:1      | Reached XP level 1. HP: 13/13 MP: 3/3
   343 | D:1      | Reached XP level 2. HP: 18/18 MP: 5/5
   427 | D:1      | Reached skill level 3 in Transmutations
   719 | D:2      | Reached XP level 3. HP: 21/23 MP: 6/6
   844 | D:2      | Found an iron altar of Okawaru.
   913 | D:2      | Reached skill level 4 in Transmutations
   915 | D:2      | Reached XP level 4. HP: 28/28 MP: 7/7
   990 | D:2      | Found a faded altar of an unknown god.
  1028 | D:2      | Became a worshipper of the Wu Jian Council
  1028 | D:2      | Reached * piety under Wu Jian
  1082 | D:2      | Found a white marble altar of Elyvilon.
  1082 | D:2      | Found a snail-covered altar of Cheibriados.
  1084 | D:2      | Found a glowing golden altar of the Shining One.
  1091 | D:2      | Fell from the grace of Wu Jian
  1091 | D:2      | Became a worshipper of Cheibriados the Contemplative
  1294 | D:2      | Noticed a +1 quarterstaff of freezing
  1294 | D:2      | Noticed a +4 rapier of speed
  1294 | D:2      | Noticed a +2 great sword of freezing
  1309 | D:2      | Killed a +4 rapier of speed
  1323 | D:2      | Killed a +2 great sword of freezing
  1365 | D:2      | Killed a +1 quarterstaff of freezing
  1503 | D:2      | Found a runed translucent door.
  1504 | D:2      | Noticed Crazy Yiuf
  1675 | D:2      | Noticed a +4 dire flail of speed
  1675 | D:2      | Noticed a +1 quarterstaff of speed
  1675 | D:2      | Noticed a +1 great sword of speed
  1682 | D:2      | Killed a +1 quarterstaff of speed
  1685 | D:2      | Killed a +1 great sword of speed
  1700 | D:2      | Killed a +4 dire flail of speed
  1983 | D:3      | Noticed a +2 rapier of freezing
  1983 | D:3      | Noticed a +1 dire flail of flaming
  1983 | D:3      | Noticed a +2 dire flail of crushing
  1985 | D:3      | Killed a +1 dire flail of flaming
  1987 | D:3      | Killed a +2 dire flail of crushing
  1990 | D:3      | Killed a +2 rapier of freezing
  2022 | D:3      | Reached skill level 5 in Transmutations
  2183 | D:2      | Noticed a +1 broad axe of freezing
  2183 | D:2      | Noticed a +2 quarterstaff of electrocution
  2183 | D:2      | Noticed a +3 glaive of flaming
  2184 | D:2      | Killed a +2 quarterstaff of electrocution
  2187 | D:2      | Killed a +3 glaive of flaming
  2191 | D:2      | Killed a +1 broad axe of freezing
  2327 | D:3      | Reached XP level 5. HP: 28/33 MP: 8/8
  2331 | D:3      | Reached * piety under Cheibriados
  2383 | D:3      | Learned a level 5 spell: Blade Hands
  2386 | D:3      | Learned a level 2 spell: Sticks to Snakes
  2653 | D:3      | Noticed Ijyb
  2659 | D:3      | Killed Ijyb
  2660 | D:3      | Found Zin's Purification Station.
  2671 | D:3      | Found a glowing silver altar of Zin.
  2674 | D:3      | Bought a potion of curing for 90 gold pieces
  2675 | D:3      | Noticed Jessica
  2680 | D:3      | Killed Jessica
  2754 | D:3      | Found a burning altar of Makhleb.
  2763 | D:3      | Reached skill level 6 in Transmutations
  2763 | D:3      | Reached XP level 6. HP: 20/38 MP: 9/9
  3025 | D:3      | Noticed Robin
  3035 | D:3      | Killed Robin
  3093 | D:3      | Noticed a +0 rapier of flaming
  3093 | D:3      | Noticed a +0 quarterstaff of speed
  3093 | D:3      | Noticed a +0 glaive of flaming
  3093 | D:3      | Killed a +0 rapier of flaming
  3096 | D:3      | Killed a +0 glaive of flaming
  3099 | D:3      | Killed a +0 quarterstaff of speed
  3204 | D:3      | Noticed a +2 rapier of freezing
  3204 | D:3      | Noticed a +2 glaive of freezing
  3204 | D:3      | Noticed a +1 great sword of freezing
  3204 | D:3      | Noticed a +4 glaive of chopping
  3205 | D:3      | Killed a +4 glaive of chopping
  3205 | D:3      | Killed a +2 rapier of freezing
  3206 | D:3      | Killed a +2 glaive of freezing
  3206 | D:3      | Killed a +1 great sword of freezing
  3281 | D:3      | Noticed a +3 glaive of electrocution
  3281 | D:3      | Noticed a +0 dire flail of flaming
  3281 | D:3      | Noticed a +1 great sword of speed
  3281 | D:3      | Noticed a +2 broad axe of flaming
  3281 | D:3      | Killed a +2 broad axe of flaming
  3283 | D:3      | Killed a +3 glaive of electrocution
  3285 | D:3      | Killed a +0 dire flail of flaming
  3289 | D:3      | Killed a +1 great sword of speed
  3688 | D:3      | Reached ** piety under Cheibriados
  3743 | D:3      | Noticed a +2 glaive of flaming
  3743 | D:3      | Noticed a +0 quarterstaff of electrocution
  3743 | D:3      | Noticed a +0 rapier of electrocution
  3743 | D:3      | Killed a +0 quarterstaff of electrocution
  3743 | D:3      | Killed a +2 glaive of flaming
  3745 | D:3      | Killed a +0 rapier of electrocution
  3871 | D:3      | Noticed a +0 quarterstaff of freezing
  3871 | D:3      | Noticed a +4 dire flail of freezing
  3871 | D:3      | Noticed a +2 great sword of speed
  3872 | D:3      | Killed a +0 quarterstaff of freezing
  3873 | D:3      | Killed a +4 dire flail of freezing
  3875 | D:3      | Killed a +2 great sword of speed
  4110 | D:3      | HP: 1/38 [jackal (3)]
  4336 | D:3      | Noticed a +4 great sword of speed
  4336 | D:3      | Noticed a +2 quarterstaff of crushing
  4336 | D:3      | Noticed a +2 rapier of piercing
  4336 | D:3      | Noticed a +1 glaive of electrocution
  4336 | D:3      | Noticed a +3 rapier of electrocution
  4336 | D:3      | Killed a +2 quarterstaff of crushing
  4336 | D:3      | Killed a +1 glaive of electrocution
  4338 | D:3      | Killed a +2 rapier of piercing
  4340 | D:3      | Killed a +3 rapier of electrocution
  4342 | D:3      | Killed a +4 great sword of speed
  4440 | D:4      | Reached skill level 7 in Transmutations
  4478 | D:4      | Was forgiven by Wu Jian
  4479 | D:4      | Noticed a +4 quarterstaff of flaming
  4479 | D:4      | Noticed a +3 rapier of electrocution
  4479 | D:4      | Noticed a +0 glaive of speed
  4480 | D:4      | Killed a +4 quarterstaff of flaming
  4482 | D:4      | Killed a +3 rapier of electrocution
  4483 | D:4      | Slain by a +0 glaive of speed

Skill      XL: |  1  2  3  4  5  6 |
---------------+-------------------+-----
Transmutations | 3 4 5 6 7 |  7.0
Fighting       | |  1.0
Dodging        | |  2.0
Unarmed Combat | |  3.0
Spellcasting   | |  2.0

Action                   |  1- 3 |  4- 6 || total
-------------------------+-------+-------++-------
Melee: Unarmed           |    69 |   215 ||   284
       Tentacles         |    13 |    43 ||    56
       Constrict         |    18 |    73 ||    91
       Punch             |     2 |     7 ||     9
       Kick              |       |     3 ||     3
 Cast: Beastly Appendage |       |     3 ||     3
       Blade Hands       |       |     1 ||     1
Invok: Whirlwind         |       |     4 ||     4
       Lunge             |       |     2 ||     2
Evoke: Wand              |       |     6 ||     6
  Use: Potion            |       |     6 ||     6
       Scroll            |       |     6 ||     6
 Stab: Sleeping          |     3 |     5 ||     8
  Eat: Ration            |       |     3 ||     3
Armor: Skin              |     3 |     8 ||    11
Dodge: Dodged            |    50 |   113 ||   163
